 Dungeon Crawl Stone Soup version 0.29.0-4-gdea44cf6ec (webtiles) character file.

Game seed: 6937478431424102168

81 qw the Chopper (level 4, -2/26 HPs)
             Began as a Tengu Warper on Aug 28, 2022.
             Slain by Sigmund
             ... wielding a +0 scythe
              (7 damage)
             ... on level 3 of the Dungeon.
             The game lasted 00:00:13 (1572 turns).

qw the Chopper (Tengu Warper)                       Turns: 1572, Time: 00:00:13

Health: -2/26      AC: 12    Str: 13    XL:     4   Next: 42%
Magic:  8/8        EV:  3    Int: 13    God:
Gold:   163        SH:  0    Dex: 14    Spells: 7/7 levels left

rFire   . . .      SeeInvis .   Y - +0 hand axe
rCold   . . .      Faith    .   (no shield)
rNeg    . . .      Spirit   .   e - +0 plate armour
rPois   .          Reflect  .   (helmet restricted)
rElec   .          Harm     .   (no cloak)
rCorr   .          Rampage  .   b - +0 pair of gloves
Will    .....                   (boots unavailable)
Stlth   ..........              (no amulet)
HPRegen 0.08/turn               (no ring)
MPRegen 0.11/turn               (no ring)

@: no status effects
A: beak, talons 3
a: no special abilities


You were on level 3 of the Dungeon.
You visited 1 branch of the dungeon, and saw 3 of its levels.

You collected 163 gold pieces.


Innate Abilities, Weirdness & Mutations

You have a beak for a mouth.
You have claws for feet.


   Skills:
 - Level 2.0 Fighting
 + Level 4.6 Axes
 - Level 1.0 Throwing
 - Level 2.0 Armour
 - Level 2.1 Dodging
 - Level 2.0 Spellcasting
 - Level 2.4 Translocations


You had 7 spell levels left.
You didn't know any spells.
Your spell library contained the following spells:

 Spells                   Type           Power      Damage    Failure   Level
 Blink                    Tloc           14%        N/A       100%        2
 Gell's Gravitas          Tloc           7%         N/A       100%        3
 Lesser Beckoning         Tloc           7%         N/A       100%        3
 Teleport Other           Tloc           7%         N/A       100%        3
 Manifold Assault         Tloc           7%         N/A       100%        5

Inventory:

Hand Weapons
 i - a +0 flail
 Y - a +0 hand axe (weapon)
Missiles
 n - a javelin (quivered)
Armour
 b - a +0 pair of gloves (worn)
 e - a +0 plate armour (worn)
Scrolls
 g - a scroll of identify
Potions
 a - a potion of haste
 c - a potion of might
 f - a potion of brilliance {unknown}
 k - a potion of heal wounds {unknown}
 o - a potion of lignification {unknown}

Dungeon Overview and Level Annotations

Branches:
Dungeon (3/15)

Altars:

Annotations:
D:3 Sigmund


Message History

HP restored.
n - a javelin A dart slug comes into view.
Enter note: Sigmund the Dreaded comes into view.
He is wielding a +0 scythe.
Found 8 gold pieces.
Sigmund shouts!
A frilled lizard comes into view.
The frilled lizard hisses angrily.
Found a stone staircase leading down.
The dart slug briefly extends its eye-stalks.
You hit the dart slug.
The dart slug is moderately wounded.
Sigmund gestures wildly while chanting.
Sigmund flickers and vanishes!
Deactivating autopickup; reactivate with Ctrl-A.
You slash the dart slug!
You kill the dart slug!
A puff of flame appears from out of thin air!
The puff of flame hits you.
You hit the frilled lizard.
You kill the frilled lizard!
You swing at nothing.
Something hits you but does no damage.
You swing at nothing.
You swing at nothing.
Something hits you.
You swing at nothing.
Something hits you.
You swing at nothing.
Something hits you but does no damage.
You swing at nothing.
You swing at nothing.
Something hits you.
You swing at nothing.
Something hits you!
You swing at nothing.
You swing at nothing.
Something hits you!
You die...

.....$...#
##........###
#.....$......
#............
#............
#....{.......
#...........>
#....@%......
#............
##########....##.#####
#.............# .#
#.########....# .
##.##.....##.### ..
#......[.....# ##
#...#######..#
#...#.....#..#


There were no monsters in sight!

Vanquished Creatures
  2 adders (D:2)
  2 dart slugs
  4 ball pythons
  4 endoplasms
  3 giant cockroaches
  9 goblins
  10 hobgoblins
  2 jackals (D:1)
  A quokka (D:3)
  3 bats (D:2)
  3 frilled lizards
  3 kobolds
  7 rats
53 creatures vanquished.

Notes
Turn   | Place    | Note
-------+----------+-------------------------------------------
     0 | D:1      | qw the Tengu Warper began the quest for the Orb.
     0 | D:1      | Reached XP level 1. HP: 12/12 MP: 4/4
     0 | D:1      | 0 ||| qw: Version: 0.1-a-89-g26bdef1
     0 | D:1      | 0 ||| qw: Game counter: 1105
     0 | D:1      | 0 ||| qw: Always use a shield: true
     0 | D:1      | 0 ||| qw: God list: Okawaru
     0 | D:1      | 0 ||| qw: Allow faded altars: false
     0 | D:1      | 0 ||| qw: Do Orc after D:15 true
     0 | D:1      | 0 ||| qw: Do second Lair branch before Depths: true
     0 | D:1      | 0 ||| qw: Lair rune preference: random
     0 | D:1      | 0 ||| qw: Plans: Normal
     0 | D:1      | 0 ||| PLANNING D:1-11
     8 | D:1      | 8 ||| UPGRADING to +0 plate armour.
    19 | D:1      | 19 ||| DROPPING +0 leather armour.
    25 | D:1      | 25 ||| UPGRADING to +0 pair of gloves.
    53 | D:1      | 53 ||| Stepping ~*~*~tactically~*~*~ (stealth).
    54 | D:1      | 54 ||| Stepping ~*~*~tactically~*~*~ (stealth).
    64 | D:1      | 64 ||| Stepping ~*~*~tactically~*~*~ (stealth).
    72 | D:1      | 72 ||| DROPPING +0 club.
    92 | D:1      | Reached XP level 2. HP: 17/17 MP: 6/6
    96 | D:1      | Reached skill level 3 in Axes
   255 | D:1      | 255 ||| Stepping ~*~*~tactically~*~*~ (hiding).
   395 | D:1      | Reached XP level 3. HP: 20/21 MP: 7/7
   456 | D:1      | 456 ||| Stepping ~*~*~tactically~*~*~ (stealth).
   458 | D:1      | 458 ||| Stepping ~*~*~tactically~*~*~ (stealth).
   472 | D:1      | Reached skill level 4 in Axes
   664 | D:1      | 664 ||| DROPPING +6 ring of intelligence.
   665 | D:1      | 665 ||| READING scroll labelled WEBEFI BOTUGG.
   666 | D:1      | 666 ||| READING 2 scrolls labelled UMOHIV TAUBBATETE.
   667 | D:1      | 667 ||| READING scroll labelled MUCOIB PEUCLU.
   668 | D:1      | 668 ||| READING scroll labelled ASIURUKKUFF.
   669 | D:1      | 669 ||| READING scroll labelled SUSHROADAIG.
   670 | D:1      | 670 ||| DROPPING scroll of blinking.
   799 | D:2      | HP: 5/21 [poisoned by an adder]
  1042 | D:2      | 1042 ||| Stepping ~*~*~tactically~*~*~ (stealth).
  1061 | D:2      | Reached XP level 4. HP: 26/26 MP: 8/8
  1320 | D:2      | 1320 ||| Stepping ~*~*~tactically~*~*~ (stealth).
  1471 | D:2      | 1471 ||| READING scroll labelled KOUXTU MACLIPP.
  1474 | D:2      | 1474 ||| READING 3 scrolls of identify.
  1474 | D:2      | 1474 ||| IDENTIFYING blue potion
  1475 | D:2      | 1475 ||| READING 2 scrolls of identify.
  1475 | D:2      | 1475 ||| IDENTIFYING lumpy orange potion
  1494 | D:3      | Found a faded altar of an unknown god.
  1495 | D:3      | 1495 ||| PLANNING SEWER
  1557 | D:3      | Noticed Sigmund
  1570 | D:3      | HP: 5/26 [something (8)]
  1572 | D:3      | Slain by Sigmund

Levels and vault maps discovered:
D:1:      scummos_arrival_star, layout_rooms
D:2:      layout_basic, minmay_octomino_e4
D:3:      layout_rooms, nicolae_ecumenical_pavilion,
          cheibrodos_sewer_entry_bend, st_stairs_2, uniq_sigmund, uniq_jessica,
          uniq_robin, uniq_ijyb

Skill      XL: |  1  2  3 |
---------------+----------+-----
Axes           | 3 4 |  4.6
Armour         | 2 |  2.0
Fighting       | |  2.0
Throwing       | |  1.0
Dodging        | |  2.1
Spellcasting   | |  2.0
Translocations | |  2.4

Action                   |  1- 3 |  4- 6 || total
-------------------------+-------+-------++-------
Melee: Hand axe          |    75 |    25 ||   100
       Peck              |    11 |     4 ||    15
       Kick              |    16 |     5 ||    21
       Punch             |     1 |       ||     1
Throw: Javelin           |    18 |     6 ||    24
       Boomerang         |     7 |       ||     7
  Use: Scroll            |     5 |     3 ||     8
Armor: Plate armour      |    60 |    13 ||    73
Dodge: Dodged            |    14 |     2 ||    16

Table legend:
 A = Non-vault XP
 B = Vault XP
 C = Vault XP percentage of total XP
 D = Non-vault monster count
 E = Vault monster count
 F = Vault count percentage of total count
                 A         B        C        D         E       F
            +---------+---------+-------+---------+---------+-------
      Total |      97 |      20 |  17.1 |      47 |       6 |  11.3
            +---------+---------+-------+---------+---------+-------
        D:1 |      52 |       0 |   0.0 |      29 |       0 |   0.0
        D:2 |      36 |      20 |  35.7 |      14 |       6 |  30.0
        D:3 |       9 |       0 |   0.0 |       4 |       0 |   0.0
            +---------+---------+-------+---------+---------+-------
